 Dungeon Crawl Stone Soup version 0.31-a0-632-g766dd24fdf (webtiles) character file.

Game seed: 12824332401931616068

75370 bobo the Warrior (level 15, -21/105 HPs)
             Began as a Kobold Berserker on Aug 25, 2023.
             Was a High Priest of Trog.
             Demolished by a vault guard
             ... wielding a +0 great sword
              (28 damage)
             ... on level 13 of the Dungeon on Aug 26, 2023.
             The game lasted 01:26:27 (22006 turns).

bobo the Warrior (Kobold Berserker)                Turns: 22006, Time: 01:26:28

Health: -21/105    AC: 13    Str: 18    XL:     15   Next: 98%
Magic:  13/13      EV: 29    Int:  9    God:    Trog [*****.]
Gold:   1816       SH:  5    Dex: 23    Spells: 14/14 levels left

rFire   + . .        E - +0 dagger (elec)
rCold   + + .        (no shield)
rNeg    + . .        W - +2 troll leather armour
rPois   +            Q - +0 helmet
rElec   +            J - scarf of Dishonour {rC+ rF+, rElec rPois Will+ Str+2}
rCorr   +            (no gloves)
SInv    .            i - +2 pair of boots {Stlth+}
Will    +....        R - amulet of Xivvolyts {Reflect Fly Dex+3 SH+5}
Stlth   +++++++      f - ring of Beowaost {rPois rN+ Str-3 Slay+6}
HPRegen 1.17/turn    L - ring "Zaron" {rC+ Will- rCorr AC+4 Str+3}
MPRegen 0.13/turn

%: reflection
@: on berserk cooldown, flying, hasted and slowed, invisible
A: small, no large weapons, nightstalker 3, low MP 1, MP-powered wands
a: Renounce Religion, Berserk, Trog's Hand, Brothers in Arms


You were on level 13 of the Dungeon.
You worshipped Trog.
Trog was extremely pleased with you.
You visited 3 branches of the dungeon, and saw 20 of its levels.
You also visited: Ossuary, Bailey and Gauntlet.

You collected 1816 gold pieces.

Inventory:

Hand Weapons
 j - a +4 dagger of venom
 A - a +0 rapier of protection
 E - a +0 dagger of electrocution (weapon)
Missiles
 d - 14 boomerangs (quivered)
 x - 10 curare-tipped darts
 H - 4 atropa-tipped darts
 X - 3 darts of dispersal
Armour
 i - a +2 pair of boots of stealth (worn)
 J - the scarf of Dishonour (worn) {rC+ rF+, rElec rPois Will+ Str+2}
   (You acquired it in a bailey)

   Str+2:     It affects your strength (+2).
   rElec:     It insulates you from electricity.
   rPois:     It protects you from poison Will+: It increases your willpower.
 Q - a +0 helmet (worn)
 S - a +0 kite shield
 W - a +2 troll leather armour (worn)
Jewellery
 b - a ring of willpower
 f - the ring of Beowaost (left hand) {rPois rN+ Str-3 Slay+6}
   (You acquired it on level 3 of the Dungeon)

   [ring of poison resistance]

   Str-3:     It affects your strength (-3).
   Slay+6:    It affects your accuracy & damage with ranged weapons and melee
   (+6).
   rPois:     It protects you from poison rN+: It protects you from negative
   energy.
 I - a +5 ring of evasion
 L - the ring "Zaron" (right hand) {rC+ Will- rCorr AC+4 Str+3}
   (You found it on level 1 of the Lair of Beasts)

   [ring of protection]

   AC+4:      It affects your AC (+4).
   Str+3:     It affects your strength (+3).
   rC+:       It protects you from cold.
   Will-:     It decreases your willpower.
   rCorr:     It protects you from acid and corrosion.
 R - the amulet of Xivvolyts (around neck) {Reflect Fly Dex+3 SH+5}
   (You found it on level 4 of the Lair of Beasts)

   [amulet of reflection]

   Reflect:   It reflects blocked missile attacks.
   Dex+3:     It affects your dexterity (+3).
   Fly:       It grants you flight.
   SH+5:      It affects your SH (+5).
 Y - a ring of see invisible
Wands
 a - a wand of digging (3)
 h - a wand of quicksilver (22)
 m - a wand of polymorph (20)
 q - a wand of flame (102)
 B - a wand of charming (2)
 F - a wand of mindburst (16)
 O - a wand of roots (6)
Scrolls
 k - 2 scrolls of brand weapon
 p - 8 scrolls of teleportation
 u - 2 scrolls of revelation
 y - 3 scrolls of poison
 K - a scroll of silence
 P - a scroll of immolation {unknown}
 T - a scroll of blinking {unknown}
 Z - 5 scrolls of identify
Potions
 c - 5 potions of haste
 e - 4 potions of heal wounds
 g - 3 potions of mutation
 n - 2 potions of magic {unknown}
 o - 2 potions of resistance {unknown}
 r - 5 potions of enlightenment
 t - 9 potions of curing
 v - 5 potions of cancellation
 w - 3 potions of ambrosia
 z - 3 potions of invisibility
 C - 3 potions of attraction {unknown}
 G - 2 potions of might {unknown}
 N - 5 potions of degeneration {unknown}
Miscellaneous
 U - a sack of spiders (inert)
 V - a lightning rod (2/4)


   Skills:
 + Level 16.6 Fighting
 - Level 11.7 Short Blades
 - Level 12.0 Throwing
 - Level 1.7 Armour
 + Level 16.6 Dodging
 + Level 10.2 Stealth
 + Level 11.3 Evocations


You had 14 spell levels left.
You didn't know any spells.
Your spell library was empty.

Dungeon Overview and Level Annotations

Branches:
Dungeon (13/15)            Temple (0/1) D:4            Lair (5/5) D:9
  Swamp (0/4) Lair:2       Spider (0/4) Lair:3        Slime (0/5) Lair:5
    Orc (2/2) D:10         Vaults (0/5) D:13        Ossuary (visited)
 Bailey (visited)         Gauntlet (visited)
    Elf: Orc:2

Altars:
Cheibriados
Hepliaklqana
Qazlal
Jiyva

Shops:
D:6 :   D:8 (

Annotations:
D:5 2 runed translucent doors
D:6 2 transporters, zenocrate's ghost, amateur OpSh
D:10 2 transporters, pascalblue's ghost, journeyman DECj
D:11 3 runed translucent doors, autismninja's ghost, journeyman GnFi
Lair:2 2 transporters, Plaidstone's ghost, journeyman OgCA


Innate Abilities, Weirdness & Mutations

You are small and have problems with some larger weapons.
You are completely attuned to the shadows.
Your magical capacity is low. (-10% MP)
You expend magic power (3 MP) to strengthen your wands.


Message History

You hit the wizard.
The wizard is lightly wounded.
You puncture the wizard! Lightning courses through the wizard!!
The wizard is almost dead.
The wizard closely misses you. The vault guard completely misses you.
The vault guard hits you but does no damage.
You hit the wizard. Lightning courses through the wizard!
You feel the power of Trog in you as your rage grows.
You kill the wizard!
Trog accepts your kill.
Trog appreciates your killing of a magic user.
The human attacks as it pursues you! The human hits you but does no damage.
You block the vault guard's attack.
You feel a strong urge to attack something.
You are no longer berserk.
You are exhausted.
You feel yourself slow down. The human attacks as it pursues you!
The human completely misses you. The human completely misses you.
There is an open gate here.
Okay, then.
You feel much better. The vault guard misses you.
The vault guard hits you with a +0 great sword!
Okay, then.
Press: ? - help, v - describe, . - travel
Here: a vault guard, wielding a +3 battleaxe and wearing a +0 plate armour An open gate.
You fade into invisibility!
The vault guard hits you with a +3 battleaxe!!
The vault guard completely misses you. The vault guard closely misses you.
You feel yourself speed up. The vault guard completely misses you.
The vault guard hits you with a +3 battleaxe!!
* * * LOW HITPOINT WARNING * * *
The vault guard closely misses you.
As you read the scroll labelled XOTIOD EKLAYTH, it dissolves into smoke.
It was a scroll of fog.
The vault guard hits you with a +3 battleaxe.
* * * LOW HITPOINT WARNING * * *
The vault guard hits you with a +0 great sword!!
You die...

########### #.....#...(
#(....)).^. ..
#..⌠..').∩. ####.#
#†)†..'..^. ...#.#
#†.§..#...! ##.#.#####
##''p########
#.........#...p@#†..[.#
#.>.......#..§p§§§....#
##........#..⌠..§§†⌠..#
...........#.....'.†...#
#..........#((...#.....#
#.....)....########'''##
#.......................
.....................##
#.......#############


You could see 2 vault guards and a human (unable to see you).

Vanquished Creatures
  An orc warlord (Bailey)
  A minotaur (Gauntlet)
  A blizzard demon (Gauntlet)
  A vault guard (D:13)
  Erolcha (D:13)
  6 hydras
  2 two-headed ogres
  A catoblepas (Lair:5)
  A centaur warrior (D:13)
  5 death yaks
  3 boulder beetles
  A deep troll shaman (Lair:5)
  Sonja (Lair:5)
  A skyshark (Lair:5)
  Amaemon (Lair:3)
  2 large abominations (Gauntlet)
  2 glowing orange brains (D:12)
  4 slime creatures
  An orc knight (Orc:2)
  Pikel (D:5)
  A necromancer (D:13)
  2 wizards (D:13)
  2 lindwurms
  An ugly thing (D:10)
  4 elephants (Lair:5)
  A worldbinder (Gauntlet)
  3 cyclopes
  Joseph (D:8)
  Maurice (D:8)
  An eye of devastation (D:12)
  6 black mambas
  An orange demon (Lair:3)
  A torpor snail (Lair:3)
  Maggie (D:6)
  2 gargoyles
  16 cane toads
  A freezing wraith (D:11)
  4 kobold demonologists (D:12)
  13 komodo dragons
  5 rime drakes
  An ice devil (Gauntlet)
  A queen bee (D:9)
  4 polar bears
  A tyrant leech (Lair:2)
  2 hornets (Lair:4)
  Grinder (D:3)
  5 trolls
  13 blink frogs
  5 dream sheep (Lair:4)
  2 vampires
  2 shadows
  8 wyverns
  A wraith (D:10)
  77 yaks
  Eustachio (D:5)
  A steam dragon (Lair:3)
  A golden eye (shapeshifter) (D:13)
  17 humans (D:13)
  2 vampire mosquitoes (D:13)
  A warg (Orc:1)
  2 swamp worms (Lair:2)
  2 acid dragons
  10 water moccasins
  A swamp drake (Lair:3)
  Duvessa (D:6)
  18 orc warriors
  5 ice beasts
  6 small abominations (Gauntlet)
  2 sky beasts
  4 black bears
  2 ogres
  21 wolves
  The ghost of osoart the Ruffian, an amateur HOSh (D:3)
  2 boggarts (Gauntlet)
  3 centaurs
  3 phantoms
  3 lemures (D:5)
  3 kobold brigands
  12 bullfrogs
  2 elf zombies (Ossuary)
  2 gnoll sergeants
  8 scorpions
  4 wights (D:7)
  Dowan (D:6)
  4 killer bees
  An electric eel (D:9)
  10 howler monkeys
  2 centaur zombies (Ossuary)
  A gnoll bouda (D:7)
  2 human zombies (Ossuary)
  3 hounds (D:5)
  Crazy Yiuf (D:5)
  5 orc priests
  3 jellies
  7 hell rats (Lair:5)
  2 iguanas
  7 orc wizards
  2 mummies (Ossuary)
  17 gnolls
  4 adders
  3 white imps
  An ufetubus (D:7)
  4 worms
  2 dart slugs
  34 orcs
  4 ball pythons (D:1)
  12 endoplasms
  6 giant cockroaches
  10 hobgoblins
  9 jackals
  6 quokkas
  3 bats
  9 frilled lizards
  11 goblins
  2 goblin zombies (Ossuary)
  6 hobgoblin zombies (Ossuary)
  A jackal zombie (Ossuary)
  30 kobolds
  10 kobold zombies (Ossuary)
  10 orc zombies (Ossuary)
  11 rats
  2 rat zombies (Ossuary)
625 creatures vanquished.

Vanquished Creatures (collateral kills)
  A vault guard (D:13)
  An orc knight (Orc:1)
  A warg (Orc:1)
  An orc warrior (Orc:2)
  An orc priest (Orc:1)
  An orc wizard (Orc:1)
  4 orcs
  2 kobolds (D:11)
12 creatures vanquished.

Vanquished Creatures (others)
  An orc high priest (Orc:2)
  2 yaks
  An orc warrior (Orc:2)
  A bullfrog (Lair:3)
  A killer bee (D:10)
6 creatures vanquished.

Grand Total: 643 creatures vanquished

Notes
Turn   | Place    | Note
-------+----------+-------------------------------------------
     0 | D:1      | bobo the Kobold Berserker began the quest for the Orb.
     0 | D:1      | Reached XP level 1. HP: 14/14 MP: 1/1
    76 | D:1      | Reached XP level 2. HP: 15/19 MP: 2/2
   382 | D:1      | Reached XP level 3. HP: 21/23 MP: 3/3
   592 | D:1      | Reached ** piety under Trog
   651 | D:1      | Reached skill level 1 in Stealth
   656 | D:1      | You fall into a shaft and drop 1 floor!
   772 | D:1      | Found a faded altar of an unknown god.
   970 | D:2      | Found a snail-covered altar of Cheibriados.
   993 | D:2      | Reached XP level 4. HP: 19/29 MP: 4/4
  1096 | D:2      | Reached skill level 5 in Short Blades
  1453 | D:2      | Reached XP level 5. HP: 33/33 MP: 5/5
  1862 | D:3      | Noticed Grinder
  1867 | D:3      | Identified a scroll of acquirement
  1867 | D:3      | Acquired the ring of Beowaost {rPois rN+ Str-3 Slay+6}
  2068 | D:3      | Paralysed by Grinder for 4 turns
  2073 | D:3      | Killed Grinder
  2074 | D:3      | Reached skill level 5 in Fighting
  2074 | D:3      | Reached skill level 1 in Throwing
  2074 | D:3      | Reached XP level 6. HP: 40/40 MP: 6/6
  2150 | D:3      | Reached XP level 7. HP: 44/44 MP: 7/7
  2198 | D:3      | Noticed a water moccasin
  2207 | D:3      | Killed a water moccasin
  2284 | D:3      | Noticed osoart's ghost (amateur HOSh)
  2303 | D:3      | Gained mutation: You are vulnerable to heat. (rF-) [potion
                  | of mutation]
  2304 | D:3      | Lost mutation: You are vulnerable to heat. (rF-) [potion of
                  | mutation]
  2304 | D:3      | Gained mutation: Your magical capacity is low. (-10% MP)
                  | [potion of mutation]
  2304 | D:3      | Gained mutation: You expend magic power (3 MP) to
                  | strengthen your wands. [potion of mutation]
  2400 | D:3      | Reached skill level 1 in Evocations
  2526 | D:3      | Found a runed translucent door.
  2895 | D:3      | Killed osoart's ghost
  2896 | D:3      | Reached XP level 8. HP: 51/51 MP: 7/7
  3260 | D:4      | Found a staircase to the Ecumenical Temple.
  3422 | D:4      | Reached skill level 5 in Stealth
  3458 | D:5      | Entered Level 5 of the Dungeon
  3622 | D:5      | Found a runed translucent door.
  3707 | D:5      | Noticed Eustachio
  3727 | D:5      | Killed Eustachio
  3786 | D:5      | Reached XP level 9. HP: 56/56 MP: 8/8
  3798 | D:5      | Found a sand-covered staircase.
  3806 | Ossuary  | Entered an ossuary
  3890 | Ossuary  | Reached *** piety under Trog
  4372 | D:5      | Found a runed translucent door.
  4389 | D:5      | Reached skill level 5 in Evocations
  4463 | D:5      | Noticed Pikel
  4483 | D:5      | Killed Pikel
  4661 | D:5      | Found a runed translucent door.
  4664 | D:5      | Noticed Crazy Yiuf
  4668 | D:5      | Killed Crazy Yiuf
  4909 | D:6      | Found a transporter.
  4917 | D:6      | Found a transporter.
  4917 | D:6      | Noticed zenocrate's ghost (amateur OpSh)
  4941 | D:6      | Noticed Duvessa
  4944 | D:6      | Noticed Dowan
  4945 | D:6      | Killed Duvessa
  4952 | D:6      | Killed Dowan
  4988 | D:6      | Noticed Maggie
  5000 | D:6      | Killed Maggie
  5001 | D:6      | Reached skill level 5 in Dodging
  5001 | D:6      | Reached XP level 10. HP: 64/64 MP: 9/9
  5395 | D:6      | Found Ewnueklum's Book Emporium.
  5544 | D:7      | Reached skill level 10 in Short Blades
  5871 | D:7      | Noticed a cyclops
  5877 | D:7      | Reached **** piety under Trog
  5889 | D:7      | Killed a cyclops
  6578 | D:8      | Noticed Joseph
  6582 | D:8      | Killed Joseph
  6762 | D:8      | Reached XP level 11. HP: 53/71 MP: 9/9
  6960 | D:8      | Noticed a two-headed ogre
  6964 | D:8      | Killed a two-headed ogre
  7285 | D:8      | Noticed Maurice
  7304 | D:8      | Killed Maurice
  7777 | D:8      | Found Pevuex's Hydra Hut.
  7786 | D:8      | Noticed a seven-headed hydra
  7891 | D:9      | Found a flagged portal.
  7897 | Bailey   | Entered a bailey
  7989 | Bailey   | Noticed an orc warlord
  8039 | Bailey   | Noticed an orc knight
  8040 | Bailey   | an orc knight changed into a komodo dragon
  8056 | Bailey   | Reached skill level 10 in Fighting
  8091 | Bailey   | Found a runed translucent gate.
  8092 | Bailey   | Found a runed translucent gate.
  8093 | Bailey   | Found a runed translucent gate.
  8184 | Bailey   | Killed an orc warlord
  8205 | Bailey   | Acquired the scarf of Dishonour {rC+ rF+, rElec rPois Will+
                  | Str+2}
  8468 | D:9      | Found a staircase to the Lair.
  9071 | Lair:1   | Entered Level 1 of the Lair of Beasts
  9115 | Lair:1   | Reached XP level 12. HP: 79/79 MP: 7/10
  9175 | Lair:1   | Reached skill level 10 in Evocations
  9283 | Lair:1   | Reached skill level 5 in Throwing
  9501 | Lair:1   | Identified the ring "Zaron" {rC+ Will- rCorr AC+4 Str+3}
  9707 | Lair:1   | Reached skill level 10 in Dodging
 10813 | Lair:2   | Found a transporter.
 10814 | Lair:2   | Found a transporter.
 10824 | Lair:2   | Noticed Plaidstone's ghost (journeyman OgCA)
 10935 | Lair:2   | Noticed a six-headed hydra
 10939 | Lair:2   | Reached XP level 13. HP: 53/86 MP: 11/11
 10951 | Lair:2   | Killed a six-headed hydra
 11636 | Lair:2   | Noticed a six-headed hydra
 11648 | Lair:2   | Killed a six-headed hydra
 12106 | Lair:2   | Noticed a six-headed hydra
 12116 | Lair:2   | Killed a six-headed hydra
 12304 | Lair:2   | Found a staircase to the Swamp.
 12567 | Lair:3   | Noticed a four-headed hydra
 12574 | Lair:3   | Killed a four-headed hydra
 12685 | Lair:3   | Noticed Amaemon
 12700 | Lair:3   | Killed Amaemon
 13276 | Lair:3   | Found a hole to the Spider Nest.
 14004 | Lair:4   | Reached skill level 10 in Throwing
 14375 | Lair:4   | Reached XP level 14. HP: 95/95 MP: 12/12
 14377 | Lair:4   | Paralysed by a hornet for 1 turns
 14580 | Lair:4   | Identified the amulet of Xivvolyts {Reflect Fly Dex+3 SH+5}
 14684 | Lair:4   | Found a stormy altar of Qazlal.
 14980 | Lair:5   | Entered Level 5 of the Lair of Beasts
 14985 | Lair:5   | Found a gate leading to a gauntlet.
 15010 | Gauntlet | Entered a Gauntlet
 15010 | Gauntlet | Found a transporter.
 15059 | Gauntlet | Found a transporter.
 15071 | Gauntlet | Found a transporter.
 15084 | Gauntlet | Found a transporter.
 15097 | Gauntlet | Found a transporter.
 15120 | Gauntlet | Found a transporter.
 15302 | Gauntlet | Found a transporter.
 15336 | Gauntlet | Found a transporter.
 15346 | Gauntlet | Found a transporter.
 15382 | Gauntlet | Found a transporter.
 15426 | Gauntlet | Found a transporter.
 15453 | Gauntlet | Found a transporter.
 15706 | Gauntlet | Found a transporter.
 15707 | Gauntlet | Found a transporter.
 15743 | Gauntlet | Identified the staff "Beastbane" {rPois rC+ rN+ Str-3
                  | Necro}
 15743 | Gauntlet | Noticed a minotaur
 15758 | Gauntlet | Killed a minotaur
 15787 | Gauntlet | Identified the staff "Hegom" {rC+ Int+3 Conj}
 16879 | Lair:5   | Reached skill level 15 in Fighting
 16913 | Lair:5   | Reached ***** piety under Trog
 17089 | Lair:5   | Found a viscous altar of Jiyva.
 17089 | Lair:5   | Found a staircase to the Slime Pits.
 17101 | Lair:5   | Noticed Sonja
 17105 | Lair:5   | Killed Sonja
 17477 | Lair:5   | Reached skill level 15 in Dodging
 17518 | Lair:5   | Reached XP level 15. HP: 103/103 MP: 13/13
 18089 | D:10     | Entered Level 10 of the Dungeon
 18236 | D:10     | Found a staircase to the Orcish Mines.
 18638 | D:10     | Found a transporter.
 18638 | D:10     | Noticed pascalblue's ghost (journeyman DECj)
 18730 | D:10     | Found a transporter.
 18759 | D:10     | Found a hazy altar of Hepliaklqana.
 19290 | Orc:1    | Entered Level 1 of the Orcish Mines
 19801 | Orc:2    | Entered Level 2 of the Orcish Mines
 19947 | Orc:2    | Noticed an orc warlord
 19961 | Orc:2    | Noticed an orc warlord
 20737 | D:11     | Found a runed translucent gate.
 20738 | D:11     | Found a runed translucent gate.
 20739 | D:11     | Found a runed translucent gate.
 20787 | D:11     | Noticed autismninja's ghost (journeyman GnFi)
 21787 | D:13     | Noticed Erolcha
 21791 | D:13     | Killed Erolcha
 21939 | D:13     | Reached skill level 10 in Stealth
 21973 | D:13     | Found a gate to the Vaults.
 22006 | D:13     | Demolished by a vault guard

Illustrated notes

Levels and vault maps discovered:
D:1:      spicycebolla_green_bress_n_ham_2, layout_basic, basic_ecumenical_altar
D:2:      wad_woods_stonehenge, layout_rooms, minmay_diced_spiral
D:3:      layout_loops_ring, hellmonk_ghost_happy_afterlife, uniq_grinder
D:4:      layout_rooms, temple_green, minmay_misc_feat_roman,
          minmay_misc_feat_four_crosses
D:5:      lemuel_insect_pit, layout_basic, nicolae_ossuary_entry_plus,
          dk_rats_in_the_wall, uniq_eustachio, uniq_crazy_yiuf_cottage,
          uniq_pikel
D:6:      layout_loops_ring, serial_shops, nicolae_shop_just_a_little_nook,
          gammafunk_ghost_smash, nicolae_the_louvre, uniq_maggie, uniq_duvessa
D:7:      layout_loops_ring, hangedman_minor_gate_pass
D:8:      layout_gridville, minivault_10, doesnt_shop_hydraphobe, uniq_maurice,
          uniq_joseph
D:9:      layout_long_grid, hellmonk_lair_entry_icy, enter_bailey_2,
          fountainhead, minmay_misc_feat_pillars, minmay_misc_feat_alley
D:10:     layout_loops_corners, old_standard_altar, orc_david_3,
          gammafunk_ghost_arena, serial_glass, glass_columns_a, glass_columns_b,
          glass_columns_a, glass_columns_c, glass_columns_b
D:11:     layout_rooms, biasface_ghost_orc_armoury
D:12:     layout_rooms
D:13:     layout_basic, grunt_vaults_entry_tiered, uniq_erolcha, uniq_urug
Lair:1:   layout_chaotic_city
Lair:2:   layout_cave_shapes, palyth_hydra_swamp_entry, gammafunk_ghost_hive
Lair:3:   statuecave_lemuel, layout_cave_pods, nicolae_spider_entry_non_spiders,
          minivault_26, serial_bayou_crossing, uniq_amaemon
Lair:4:   cheibrodos_lair_overgrown_chateau, layout_misc_corridors, basic_altar
Lair:5:   grunt_lair_end_beastmaster, layout_hall_layers, slime_entry_1,
          gauntlet_entry_generic, uniq_sonja
Orc:1:    layout_caves, basic_altar, mines2_david
Orc:2:    grunt_orc_gardens, layout_caves, grunt_orc_garden, grunt_orc_garden,
          grunt_orc_garden, grunt_orc_garden, mines1_david, uniq_josephine

Skill      XL: |  1  2  3  4  5  6  7  8  9 10 11 12 13 14 15 |
---------------+----------------------------------------------+-----
Stealth        | 1 3 4 6 8 10 | 10.2
Dodging        | 3 4 5 7 9 11 13 15 16 | 16.6
Fighting       | 4 5 6 8 9 10 12 13 15 16 | 16.6
Short Blades   | 5 6 7 8 9 11 | 11.7
Throwing       | 1 2 4 7 10 12 | 12.0
Evocations     | 1 4 6 8 9 10 11 | 11.3
Armour         | |  1.7

Action                     |  1- 3 |  4- 6 |  7- 9 | 10-12 | 13-15 || total
---------------------------+-------+-------+-------+-------+-------++-------
  Melee: Short sword       |   107 |   173 |   274 |   168 |       ||   722
         Punch             |     2 |     2 |     2 |    10 |    26 ||    42
         Dagger            |       |       |       |   410 |  1398 ||  1808
  Throw: Boomerang         |       |    10 |    16 |    19 |   128 ||   173
         Dart              |       |       |       |       |     3 ||     3
 Invoke: Berserk           |     3 |     4 |     7 |    14 |    19 ||    47
         Trog's Hand       |       |     1 |     4 |     5 |    18 ||    28
  Evoke: Wand              |       |     1 |       |     3 |    24 ||    28
         Lightning rod     |       |       |       |       |     3 ||     3
    Use: Scroll            |       |     3 |     7 |     8 |    16 ||    34
         Potion            |       |       |     2 |     2 |     4 ||     8
   Stab: Sleeping          |    12 |     6 |    41 |    34 |    38 ||   131
         Distracted        |       |       |     1 |       |     7 ||     8
         Invisible         |       |       |       |       |     1 ||     1
         Petrified         |       |       |       |       |     4 ||     4
         Confused          |       |       |       |       |     1 ||     1
         Petrifying        |       |       |       |       |     1 ||     1
 Armour: Animal skin       |     8 |    12 |     5 |       |       ||    25
         Leather armour    |       |       |    28 |       |       ||    28
         Acid dragon scale |       |       |       |    58 |    61 ||   119
         Troll leather arm |       |       |       |       |    43 ||    43
  Dodge: Dodged            |    69 |    88 |    67 |   244 |   813 ||  1281
  Block: Other             |       |       |       |       |   156 ||   156
         Reflection        |       |       |       |       |     5 ||     5

Table legend: (Time is in decaauts)
 A = Elapsed time spent in this place.
 B = Non-inter-level travel time spent in this place.
 C = Inter-level travel time spent in this place.
 D = Time resting spent in this place.
 E = Time spent auto-exploring this place.
 F = Levels seen in this place.
 G = Mean time per level.
                   A        B        C        D        E       F      G
               +--------+--------+--------+--------+--------+-----+--------+
         Total |  21223 |  20448 |    775 |   1554 |  14107 |  23 |  922.7 |
       Dungeon |  11400 |  10856 |    544 |    485 |   8140 |  13 |  876.9 |
          Lair |   7820 |   7614 |    206 |    735 |   5574 |   5 | 1564.0 |
  Orcish Mines |    671 |    647 |     24 |      3 |    221 |   2 |  335.5 |
       Ossuary |    247 |    247 |      0 |      0 |      0 |   1 |  247.0 |
        Bailey |    310 |    310 |      0 |     26 |      0 |   1 |  310.0 |
      Gauntlet |    773 |    773 |      0 |    303 |    172 |   1 |  773.0 |
               +--------+--------+--------+--------+--------+-----+--------+

Top non-repeatable levels by time:
  Lair:2: 1940 daAuts
  Lair:5: 1860 daAuts
  Lair:1: 1485 daAuts
     D:8: 1337 daAuts
  Lair:4: 1289 daAuts
  Lair:3: 1244 daAuts
    D:10: 1242 daAuts
     D:3: 1003 daAuts
     D:2: 999 daAuts
     D:7: 994 daAuts
     D:5: 950 daAuts
     D:1: 930 daAuts
     D:9: 895 daAuts
Gauntlet: 773 daAuts
     D:6: 752 daAuts
